 Dungeon Crawl Stone Soup version 0.21.0-24-g2553a3340b (webtiles) character file.

8971 GordonOverkill the Slicer (level 11, -5/102 HPs)
             Began as a Kobold Skald on Jan 20, 2018.
             Was an Elder of Okawaru.
             Slain by a red ugly thing (22 damage)
             ... on level 10 of the Dungeon.
             The game lasted 00:29:46 (14742 turns).

GordonOverkill the Slicer (Kobold Skald)           Turns: 14742, Time: 00:29:46

Health: -5/102     AC: 18    Str: 22    XL:     11   Next: 65%
Magic:  16/16      EV: 19    Int: 14    God:    Okawaru [****..]
Gold:   715        SH:  0    Dex: 15    Spells: 3/14 levels left

rFire    . . .     SeeInvis .   f - +1 short sword (venom)
rCold    . . .     Gourm    .   (shield restricted)
rNeg     . . .     Faith    .   G - +0 plate armour
rPois    .         Spirit   .   (no helmet)
rElec    .         Reflect  .   e - +0 cloak
rCorr    .         Harm     .   s - +0 pair of gloves
MR       .....                  h - +0 pair of boots
Stlth    ..........             w - amulet of rage
HPRegen  0.27/turn              l - +2 ring of evasion
MPRegen  0.15/turn              p - +5 ring of strength

@: berserking, heroism, very quick
A: small, carnivore
a: Heroism, Renounce Religion, Evoke Berserk Rage


You were on level 10 of the Dungeon.
You worshipped Okawaru.
Okawaru was greatly pleased with you.
You were completely stuffed.

You visited 1 branch of the dungeon, and saw 11 of its levels.

You collected 715 gold pieces.

Inventory:

Hand Weapons
 f - a +1 short sword of venom (weapon)
 k - a +2 rapier
 y - a cursed -3 scimitar
Missiles
 n - 25 tomahawks (quivered)
Armour
 e - a +0 cloak (worn)
 h - a +0 pair of boots (worn)
 s - a +0 pair of gloves (worn)
 G - a +0 plate armour (worn)
Jewellery
 l - a +2 ring of evasion (left hand)
 p - a +5 ring of strength (right hand)
 w - an amulet of rage (around neck)
Wands
 c - a wand of polymorph (6)
 J - a wand of flame (61)
 K - a wand of random effects (9)
Scrolls
 b - 2 scrolls of teleportation
 g - 4 scrolls of remove curse
 o - 3 scrolls of fog
 v - 2 scrolls of amnesia
 H - a scroll of magic mapping
Potions
 r - 2 potions of might
 t - a potion of curing
 x - 2 potions of agility
 z - 2 potions of cancellation
 B - 4 potions of ambrosia
 C - a potion of mutation {unknown}
 D - 4 potions of brilliance
 L - 2 potions of degeneration {unknown}
Comestibles
 a - 6 chunks of flesh
 d - 20 rations


   Skills:
 - Level 8.0(13.0) Fighting
 - Level 14.1(19.1) Short Blades
 - Level 5.0(10.0) Armour
 - Level 9.0(14.0) Dodging
 - Level 2.1 Spellcasting
 - Level 2.4 Charms
 + Level 7.2 Invocations


You had 3 spell levels left.
You knew the following spells:

 Your Spells              Type           Power        Failure   Level  Hunger
a - Infusion              Chrm           #...         75%         1    #......
b - Song of Slaying       Chrm           #.......     87%         2    ###....
c - Shroud of Golubria    Chrm/Tloc      #.........   96%         2    ###....
d - Regeneration          Chrm/Necr      #.........   99%         3    ###....
e - Spectral Weapon       Hex/Chrm       #.......     99%         3    ###....


Dungeon Overview and Level Annotations

Branches:
Dungeon (11/15)            Temple (0/1) D:5             Orc (0/2) D:10
   Lair: D:8-11

Altars:
Ashenzari
Cheibriados
Hepliaklqana
Nemelex Xobeh
Okawaru
Qazlal
Ru
Trog
Uskayaw
Vehumet
Wu Jian
Xom
Yredelemnul
The Shining One
Beogh

Shops:
D:9 (


Innate Abilities, Weirdness & Mutations

You are small and have problems with some larger weapons.
You are carnivorous and can eat meat at any time.


Message History

The red ugly thing claws you.
You are engulfed in flames!!
* * * LOW HITPOINT WARNING * * *
The orc completely misses you.
You climb upwards.
There is a stone staircase leading down here.
Okay, then.
A red film seems to cover your vision as you go berserk!
You feel yourself moving faster!
You feel mighty!
The kobold demonologist gestures wildly while chanting.
The red ugly thing barely misses you.
You puncture the red ugly thing!
The red ugly thing is poisoned.
The red ugly thing is lightly wounded.
The kobold demonologist hits you but does no damage.
You hit the red ugly thing.
The red ugly thing looks as sick as possible!
The red ugly thing is moderately wounded.
The red ugly thing claws you!
* * * LOW HITPOINT WARNING * * *
You are engulfed in flames!!
You die...

#.# #.#
..######## #.#
.........# #(#
########.# #.#
#.# #[# #.#
#.# #.# #.#
#.# #######.#
#.# #.5lK@uo#
#.# #.#######
########.# #.#
#........# #.#
#.######## #.#
#.##########.#
.............#
#.############
#.#


You could see a red ugly thing, a kobold demonologist, a wyvern, a crimson imp
and an orc.

Vanquished Creatures
  4 two-headed ogres
  Joseph (D:10)
  A hornet (D:9)
  A wraith (D:10)
  Sigmund (D:3)
  Eustachio (D:6)
  4 yaks (D:9)
  2 hungry ghosts
  A water moccasin (D:7)
  3 ice beasts
  A sky beast (D:8)
  5 orc warriors
  The ghost of cada the Covered, an amateur BaFi (D:3)
  2 centaurs
  6 ogres
  A big kobold (D:10)
  4 bullfrogs
  Blork the orc (D:4)
  3 scorpions
  12 killer bees
  3 wights (D:9)
  9 howler monkeys
  A jelly (D:7)
  3 crimson imps
  2 bullfrog zombies
  A bullfrog skeleton (D:6)
  3 hounds
  A centaur skeleton (D:8)
  7 orc priests
  A gnoll shaman (D:8)
  4 iguanas
  5 worker ants
  8 orc wizards
  2 worker ant zombies
  A howler monkey zombie (D:10)
  11 adders
  11 gnolls
  4 shadow imps
  2 adder skeletons
  2 dart slugs (D:3)
  11 leopard geckos
  52 orcs
  5 giant cockroaches
  7 goblins
  7 hobgoblins
  17 jackals
  15 kobolds
  4 quokkas
  2 ball pythons
  6 bats
  5 frilled lizards
  A jackal skeleton (D:7)
  A leopard gecko skeleton (D:8)
  A leopard gecko zombie (D:8)
  9 rats
279 creatures vanquished.

Notes
Turn   | Place    | Note
-------+----------+-------------------------------------------
     0 | D:1      | GordonOverkill the Kobold Skald began the quest for the Orb.
     0 | D:1      | Reached XP level 1. HP: 12/12 MP: 3/3
   208 | D:1      | Reached skill level 1 in Armour
   226 | D:1      | Reached XP level 2. HP: 13/18 MP: 0/5
   393 | D:1      | Reached skill level 3 in Short Blades
  1115 | D:1      | Reached XP level 3. HP: 19/22 MP: 6/6
  1300 | D:2      | Found a hide-covered altar of Uskayaw.
  1607 | D:2      | Reached skill level 4 in Short Blades
  1607 | D:2      | Reached XP level 4. HP: 27/28 MP: 3/7
  2202 | D:3      | Reached skill level 5 in Short Blades
  2715 | D:3      | Reached XP level 5. HP: 28/32 MP: 8/8
  2716 | D:3      | Noticed cada's ghost (amateur BaFi)
  2767 | D:3      | Killed cada's ghost
  2767 | D:3      | Reached skill level 6 in Short Blades
  2951 | D:3      | Noticed Sigmund
  2971 | D:3      | Killed Sigmund
  2971 | D:3      | Reached skill level 8 in Short Blades
  2971 | D:3      | Reached XP level 6. HP: 29/37 MP: 1/9
  3871 | D:4      | Reached XP level 7. HP: 17/41 MP: 5/10
  4173 | D:4      | Reached skill level 9 in Short Blades
  5050 | D:4      | Reached skill level 10 in Short Blades
  5512 | D:5      | Entered Level 5 of the Dungeon
  5629 | D:5      | Reached XP level 8. HP: 36/46 MP: 8/11
  5886 | D:5      | Noticed Blork the orc
  5908 | D:4      | Killed Blork the orc
  6075 | D:5      | Reached skill level 11 in Short Blades
  6124 | D:5      | Found a radiant altar of Vehumet.
  6131 | D:5      | Found an ornate altar of the Wu Jian Council.
  6132 | D:5      | Found an iron altar of Okawaru.
  6243 | D:5      | Became a worshipper of Warmaster Okawaru
  6303 | D:5      | Found a staircase to the Ecumenical Temple.
  6559 | D:5      | Found a sacrificial altar of Ru.
  6709 | D:6      | Reached skill level 1 in Invocations
  6715 | D:6      | Noticed Eustachio
  7545 | D:6      | Killed Eustachio
  7545 | D:6      | Reached skill level 12 in Short Blades
  7553 | D:6      | Reached XP level 9. HP: 34/50 MP: 6/12
  8131 | D:6      | Reached * piety under Okawaru
  8495 | D:7      | Reached skill level 5 in Invocations
  8672 | D:7      | Reached skill level 13 in Short Blades
  8681 | D:7      | Found a sparkling altar of Nemelex Xobeh.
  9389 | D:8      | Noticed a two-headed ogre
  9405 | D:8      | Killed a two-headed ogre
  9405 | D:8      | Reached skill level 14 in Short Blades
  9405 | D:8      | Reached XP level 10. HP: 46/56 MP: 14/14
  9570 | D:8      | Found a bloodstained altar of Trog.
  9573 | D:8      | Found a glowing golden altar of the Shining One.
  9575 | D:8      | Found a stormy altar of Qazlal.
  9575 | D:8      | Found a basalt altar of Yredelemnul.
  9579 | D:8      | Found a shimmering altar of Xom.
  9580 | D:8      | Found a hazy altar of Hepliaklqana.
  9678 | D:8      | Learned a level 2 spell: Song of Slaying
  9681 | D:8      | Learned a level 2 spell: Shroud of Golubria
  9685 | D:8      | Learned a level 3 spell: Regeneration
  9689 | D:8      | Learned a level 3 spell: Spectral Weapon
  9887 | D:8      | Found a snail-covered altar of Cheibriados.
  9949 | D:8      | Noticed a two-headed ogre
  9965 | D:8      | Killed a two-headed ogre
  9965 | D:8      | Reached ** piety under Okawaru
 10609 | D:9      | Found Kaenocy's Antique Weapon Emporium.
 10703 | D:9      | Paralysed by a hornet for 3 turns
 10733 | D:9      | HP: 3/64 [poisoned by a hornet]
 10741 | D:9      | HP: 3/64 [poisoned by a hornet]
 11727 | D:9      | Reached *** piety under Okawaru
 11893 | D:9      | Found a shattered altar of Ashenzari.
 11989 | D:9      | Paralysed by a hornet for 3 turns
 12012 | D:9      | Reached XP level 11. HP: 56/68 MP: 15/16
 12265 | D:10     | Entered Level 10 of the Dungeon
 12525 | D:10     | Noticed a two-headed ogre
 12526 | D:10     | Paralysed by an orc wizard for 3 turns
 12627 | D:10     | Reached skill level 5 in Armour
 12870 | D:10     | Noticed a two-headed ogre
 12886 | D:10     | Killed a two-headed ogre
 12886 | D:10     | Reached skill level 5 in Dodging
 13046 | D:10     | Reached **** piety under Okawaru
 13090 | D:10     | Found a staircase to the Orcish Mines.
 13109 | D:10     | Paralysed by an orc wizard for 3 turns
 13124 | D:10     | Found a roughly hewn altar of Beogh.
 13267 | D:10     | Got a pair of ichor-stained boots
 13268 | D:10     | Identified the cursed -4 pair of boots "Qurack" {rElec SInv} (You found it on level 10 of the Dungeon)
 13320 | D:10     | Noticed Joseph
 13338 | D:10     | Killed Joseph
 13825 | D:10     | Killed a two-headed ogre
 13895 | D:11     | Noticed a two-headed ogre
 13895 | D:11     | Noticed a white ugly thing
 14701 | D:11     | Noticed a red ugly thing
 14742 | D:10     | Slain by a red ugly thing

Skill      XL: |  1  2  3  4  5  6  7  8  9 10 11 |
---------------+----------------------------------+-----
Armour         | 1 4 5 |  5.0
Short Blades   | 3 4 5 8 10 12 14 | 14.1
Dodging        | 3 9 |  9.0
Fighting       | 3 8 |  8.0
Invocations    | 3 6 7 |  7.2
Spellcasting   | |  2.1
Charms         | |  2.4

Action                   |  1- 3 |  4- 6 |  7- 9 | 10-12 || total
-------------------------+-------+-------+-------+-------++-------
Melee: Short sword       |   111 |   170 |     4 |     2 ||   287
       Mace              |       |       |   365 |       ||   365
       Rapier            |       |       |   164 |   735 ||   899
       Punch             |       |       |     1 |     8 ||     9
Throw: Throwing net      |       |       |     1 |     2 ||     3
       Tomahawk          |       |       |       |     1 ||     1
 Cast: Infusion          |    13 |     7 |    17 |       ||    37
Invok: Heroism           |       |       |     9 |    30 ||    39
Evoke: Wand              |       |       |       |     5 ||     5
  Use: Scroll            |       |       |    12 |    18 ||    30
       Potion            |       |       |     4 |     3 ||     7
 Stab: Sleeping          |       |     1 |     1 |     1 ||     3
       Held in net/web   |       |       |     1 |     3 ||     4
  Eat: Chunk             |    11 |     6 |    26 |    21 ||    64
Armor: Leather armour    |    21 |    28 |   137 |    40 ||   226
       Skin              |       |       |    40 |    16 ||    56
       Plate armour      |       |       |       |    58 ||    58
Dodge: Dodged            |    82 |   112 |   512 |   406 ||  1112
